 Dungeon Crawl Stone Soup version 0.31-a0-1300-gb6740aa4e6 (webtiles) character file.

Game seed: 11649399806903165135

32 Iich the Trooper (level 3, -2/29 HPs)
             Began as a Demonspawn Fighter on Dec 18, 2023.
             Slain by Terence
             ... wielding a +0 flail
              (9 damage)
             ... on level 2 of the Dungeon.
             The game lasted 00:01:13 (758 turns).

Iich the Trooper (Demonspawn Fighter)                Turns: 758, Time: 00:01:13

Health: -2/29      AC:  6    Str: 18    XL:     3   Next: 10%
Magic:  3/3        EV:  9    Int:  8    God:
Gold:   50         SH:  4    Dex: 12    Spells: 2/2 levels left

rFire   . . .        a - +0 war axe
rCold   . . .        c - +0 buckler
rNeg    . . .        b - +0 scale mail
rPois   .            (no helmet)
rElec   .            (no cloak)
rCorr   .            (no gloves)
SInv    .            (no boots)
Will    .....        (no amulet) Stlth
                     (no ring)
HPRegen 0.24/turn    (no ring)
MPRegen 0.08/turn

%: no passive effects
@: no status effects
A: demonic guardian 1, demonic magic 1
a: no special abilities


You were on level 2 of the Dungeon.
You visited 1 branch of the dungeon, and saw 2 of its levels.

You collected 50 gold pieces.

Inventory:

Hand Weapons
 a - a +0 war axe (weapon)
Armour
 b - a +0 scale mail (worn)
 c - a +0 buckler (worn)
Scrolls
 e - a scroll of fog {unknown}
 f - a scroll of revelation {unknown}
 g - a scroll of identify {unknown}
Potions
 d - 2 potions of might
 h - a potion of mutation {unknown}


   Skills:
 + Level 3.3 Fighting
 * Level 2.6 Axes
 - Level 2.6 Armour
 + Level 1.0 Dodging
 - Level 2.6 Shields


You had 2 spell levels left.
You didn't know any spells.
Your spell library was empty.

Dungeon Overview and Level Annotations

Branches:
Dungeon (2/15)

Altars:

Annotations:
D:2 Terence


Innate Abilities, Weirdness & Mutations

A weak demonic guardian rushes to your aid.
Spells you cast may paralyse adjacent enemies.


Message History

You hit the giant cockroach but do no damage.
The giant cockroach closely misses you. Terence hits you with a +0 flail.
A demonic guardian appears!
You block the giant cockroach's attack.
You take 5 damage, and have 23/29 hp.
You closely miss Terence. You hit the giant cockroach.
The giant cockroach bites you. You block Terence's attack.
The giant cockroach bites you but does no damage.
Terence hits you but does no damage.
Your iron imp barely misses the frilled lizard.
You hit the giant cockroach.
The giant cockroach is heavily wounded.
You closely miss the frilled lizard. You hit Terence but do no damage.
The giant cockroach misses you.
The frilled lizard hisses.
The frilled lizard closely misses you. Terence closely misses you.
Your iron imp closely misses the frilled lizard.
You block the giant cockroach's attack.
You barely miss the giant cockroach.
The giant cockroach is heavily wounded.
You hit Terence but do no damage. You barely miss the frilled lizard.
The frilled lizard barely misses you. Terence hits you with a +0 flail!
* * * LOW HITPOINT WARNING * * *
The giant cockroach closely misses you.
Your iron imp barely misses the frilled lizard.
The frilled lizard bites you.
* * * LOW HITPOINT WARNING * * *
Terence hits you with a +0 flail!
* * * LOW HITPOINT WARNING * * *
You take 17 damage, and have 6/29 hp. !!!!--MASSIVE DAMAGE--!!!!
Your iron imp barely misses the frilled lizard.
The frilled lizard barely misses you. You block the giant cockroach's attack.
Your iron imp barely misses the frilled lizard.
You block the giant cockroach's attack.
The frilled lizard bites you but does no damage.
The frilled lizard barely misses your iron imp.
Terence says, "Don't bother to defend, it's senseless."
Terence attacks as he pursues you! Terence hits you with a +0 flail!
You die...
Terence says, "Rest in peace."

#.........#
#.........#
#.........#
#.........#
#.........#
#.........#
#..5l.....# ##
#@B..## #..
#.@...#
#...##?#.#####
+.......>....#
#...##...#####
... #.. #...#
...### #...#
......####...#
#...........#


You could see Terence, a giant cockroach, a frilled lizard (ally target) and a
friendly iron imp (summoned).

Vanquished Creatures
  7 ball pythons
  A bat (D:1)
  2 giant cockroaches (D:1)
  5 goblins
  2 hobgoblins (D:1)
  2 jackals (D:1)
  2 frilled lizards
  5 kobolds (D:1)
  6 rats
32 creatures vanquished.

Notes
Turn   | Place    | Note
-------+----------+-------------------------------------------
     0 | D:1      | Iich the Demonspawn Fighter began the quest for the Orb.
     0 | D:1      | Reached XP level 1. HP: 18/18 MP: 1/1
   116 | D:1      | Gained mutation: Spells you cast may paralyse adjacent
                  | enemies. [demonic ancestry]
   116 | D:1      | Reached XP level 2. HP: 22/24 MP: 2/2
   592 | D:1      | Reached skill level 1 in Dodging
   688 | D:2      | Gained mutation: A weak demonic guardian rushes to your
                  | aid. [demonic ancestry]
   688 | D:2      | Reached XP level 3. HP: 29/29 MP: 3/3
   749 | D:2      | Noticed Terence
   758 | D:2      | Slain by Terence

Illustrated notes

Levels and vault maps discovered:
D:1:      spicycebolla_green_bress_n_ham, layout_loops_ring, minmay_cupped
D:2:      layout_basic, serial_shops, shop, uniq_terence

Skill      XL: |  1  2 |
---------------+-------+-----
Axes           | 2 |  2.6
Dodging        | 1 |  1.0
Fighting       | |  3.3
Armour         | |  2.6
Shields        | |  2.6

Action                     || total
---------------------------++-------
  Melee: War axe           ||    77
 Armour: Scale mail        ||    65
  Dodge: Dodged            ||    41
  Block: Buckler           ||    19

Table legend: (Time is in decaauts)
 A = Elapsed time spent in this place.
 B = Non-inter-level travel time spent in this place.
 C = Inter-level travel time spent in this place.
 D = Time resting spent in this place.
 E = Time spent auto-exploring this place.
 F = Levels seen in this place.
 G = Mean time per level.
                   A        B        C        D        E       F      G
               +--------+--------+--------+--------+--------+-----+--------+
         Total |    790 |    763 |     27 |      0 |    571 |   2 |  395.0 |
       Dungeon |    790 |    763 |     27 |      0 |    571 |   2 |  395.0 |
               +--------+--------+--------+--------+--------+-----+--------+

Top non-repeatable levels by time:
     D:1: 684 daAuts
     D:2: 105 daAuts
